 Dungeon Crawl Stone Soup version 0.30-a0-937-ga0a21ad780 (webtiles) character file.

Game seed: 9485038321301234744

266 cforsyth the Ogre Mage (level 6, 0/53 HPs)
             Began as an Ogre Air Elementalist on Mar 24, 2023.
             Was an Initiate of Vehumet.
             Slain by a black bear (5 damage)
             ... on level 5 of the Dungeon.
             The game lasted 00:10:24 (5252 turns).

cforsyth the Ogre Mage (Ogre Air Elementalist)      Turns: 5252, Time: 00:10:25

Health: 0/53       AC:  3    Str: 13    XL:     6   Next: 20%
Magic:  0/13       EV: 10    Int: 18    God:    Vehumet [......]
Gold:   219        SH:  5    Dex:  9    Spells: 5/15 levels left

rFire   + . .      SeeInvis .    (no weapon)
rCold   . . .      Faith    .    (no shield)
rNeg    . . .      Spirit   .    a - +0 robe
rPois   .          Reflect  +    (helmet restricted)
rElec   .          Rampage  .    (no cloak)
rCorr   +                        (gloves unavailable)
Will    .....                    (boots unavailable)
Stlth   ++                       s - amulet of reflection
HPRegen 0.28/turn                q - ring of resist corrosion
MPRegen 0.13/turn                A - ring of protection from fire

@: no status effects
A: large, unfitting armour, tough skin 1
a: Renounce Religion


You were on level 5 of the Dungeon.
You worshipped Vehumet.
Vehumet was noncommittal.
You visited 2 branches of the dungeon, and saw 6 of its levels.

You collected 219 gold pieces.

Inventory:

Armour
 a - a +0 robe (worn)
Jewellery
 q - a ring of resist corrosion (left hand)
 s - an amulet of reflection (around neck)
 A - a ring of protection from fire (right hand)
Wands
 u - a wand of mindburst (22)
Scrolls
 c - 2 scrolls of noise {unknown}
 d - 3 scrolls of magic mapping {unknown}
 e - 2 scrolls of poison {unknown}
 g - 2 scrolls of blinking {unknown}
 h - 5 scrolls of teleportation {unknown}
 i - a scroll of brand weapon {unknown}
 l - 3 scrolls of amnesia {unknown}
 n - 3 scrolls of identify {unknown}
 r - a scroll of summoning {unknown}
 w - a scroll of enchant armour {unknown}
 x - a scroll of silence {unknown}
 y - a scroll of fog {unknown}
Potions
 b - a potion of magic
 f - 2 potions of might {unknown}
 j - 2 potions of degeneration {unknown}
 k - 2 potions of heal wounds {unknown}
 m - 2 potions of attraction {unknown}
 o - 2 potions of cancellation {unknown}
 p - 4 potions of curing {unknown}
 t - a potion of invisibility {unknown}
 v - a potion of mutation {unknown}
 z - a potion of brilliance {unknown}
 B - a potion of haste {unknown}


   Skills:
 - Level 2.0 Dodging
 - Level 1.6 Stealth
 + Level 5.0 Spellcasting
 - Level 1.2 Conjurations
 + Level 4.5 Air Magic


You had 5 spell levels left.
You knew the following spells:

 Your Spells              Type           Power      Damage    Failure   Level
a - Shock                 Conj/Air       56%        1d6       4%          1
b - Static Discharge      Conj/Air       28%        2-4/arc   6%          2
c - Swiftness             Air            20%        N/A       6%          3
d - Airstrike             Air            10%        2d(2-18)  21%         4

Your spell library contained the following spells:

 Spells                   Type           Power      Damage    Failure   Level
 Magic Dart               Conj           32%        1d4       9%          1
 Searing Ray              Conj           16%        2d5       12%         2
 Mephitic Cloud           Conj/Pois/Air  11%        N/A       19%         3
 Call Imp                 Summ           4%         N/A       21%         2
 Fulminant Prism          Conj/Hex       3%         3d5       71%         4


Dungeon Overview and Level Annotations

Branches:
Dungeon (5/15)             Temple (1/1) D:4

Altars:
Dithmenos
Elyvilon
Gozag
Hepliaklqana
Kikubaaqudgha
Makhleb
Nemelex Xobeh
Okawaru
Ru
Sif Muna
Uskayaw
Vehumet
Wu Jian
Xom
Yredelemnul

Shops:
D:5 =


Innate Abilities, Weirdness & Mutations

You are too large for most types of armour.
You have tough skin. (AC +1)


Message History

The zap hits the black bear.
The black bear is almost dead.
The black bear goes berserk!
The zap misses the black bear.
You block the black bear's attack. The black bear closely misses you.
The black bear barely misses you.
The zap hits the black bear.
The black bear is almost dead.
The black bear misses you. You block the black bear's attack.
The black bear claws you but does no damage.
The black bear bites you but does no damage.
The black bear misses you. The black bear claws you.
The zap hits the black bear but does no damage.
The black bear is almost dead.
The black bear bites you! The black bear claws you. x2
You are too injured to fight recklessly!
You are too injured to fight recklessly!
You are too injured to fight recklessly!
You are too injured to fight recklessly!
Casting: Shock (safe; 4% risk of failure)
Confirm with . or Enter, or press ? or * to list all spells.
Aiming: Shock (safe; 4% risk of failure)
Press: ? - help, Shift-Dir - straight line, f/p - black bear
Aim: a black bear (almost dead, berserk, 79% to hit)
The zap misses the black bear.
The black bear bites you. The black bear claws you.
* * * LOW HITPOINT WARNING * * *
The black bear claws you.
* * * LOW HITPOINT WARNING * * *
The black bear bites you.
* * * LOW HITPOINT WARNING * * *
The black bear claws you but does no damage.
The black bear closely misses you.
Casting: Shock (safe; 4% risk of failure)
Confirm with . or Enter, or press ? or * to list all spells.
Aiming: Shock (safe; 4% risk of failure)
Press: ? - help, Shift-Dir - straight line, f/p - black bear
Aim: a black bear (almost dead, berserk, 79% to hit)
The zap misses the black bear.
The black bear misses you. The black bear claws you.
You die...

##########
####.........
#.........#
#....@h...#
#.........#
#.........#
#.........#
#.........#
#.....≈≈≈.#
...
#....~~~≈≈#
#..
#......∩≈≈#
#..
#....~~~≈≈#
#.#


You could see a black bear (berserk).

Vanquished Creatures
  An ogre (D:4)
  A hound (D:4)
  3 gnolls (D:2)
  2 adders
  An ufetubus (D:5)
  3 worms
  2 dart slugs
  2 orcs (D:4)
  8 endoplasms
  A giant cockroach (D:2)
  13 goblins
  12 hobgoblins
  2 jackals (D:1)
  5 kobolds
  5 quokkas
  9 ball pythons
  7 bats
  4 frilled lizards
  4 rats
85 creatures vanquished.

Vanquished Creatures (others)
  An adder (D:4)
1 creature vanquished.

Grand Total: 86 creatures vanquished

Notes
Turn   | Place    | Note
-------+----------+-------------------------------------------
     0 | D:1      | cforsyth the Ogre Air Elementalist began the quest for the
                  | Orb.
     0 | D:1      | Reached XP level 1. HP: 16/16 MP: 3/3
    45 | D:1      | Reached skill level 1 in Conjurations
   138 | D:1      | Reached XP level 2. HP: 20/24 MP: 0/5
   895 | D:1      | Reached XP level 3. HP: 26/31 MP: 0/7
  1118 | D:1      | Reached skill level 3 in Spellcasting
  1960 | D:2      | Reached XP level 4. HP: 37/39 MP: 0/9
  3006 | D:3      | Learned a level 2 spell: Static Discharge
  3010 | D:3      | Learned a level 3 spell: Swiftness
  3015 | D:3      | Learned a level 4 spell: Airstrike
  3355 | D:3      | Reached skill level 4 in Spellcasting
  3428 | D:3      | Reached XP level 5. HP: 45/45 MP: 7/11
  3874 | D:4      | Noticed an ogre
  3881 | D:4      | Killed an ogre
  4059 | D:4      | Found a staircase to the Ecumenical Temple.
  4068 | Temple   | Entered the Ecumenical Temple
  4106 | Temple   | Became a worshipper of Vehumet
  4253 | D:4      | Found a shadowy altar of Dithmenos.
  4473 | D:4      | Reached XP level 6. HP: 52/53 MP: 5/13
  4629 | D:4      | Found an ancient bone altar of Kikubaaqudgha.
  4834 | D:4      | Reached skill level 5 in Spellcasting
  5022 | D:4      | Found a sparkling altar of Nemelex Xobeh.
  5182 | D:5      | Entered Level 5 of the Dungeon
  5206 | D:5      | Found Tonyv's Jewellery Emporium.
  5238 | D:5      | Noticed a black bear
  5252 | D:5      | Slain by a black bear

Illustrated notes

Levels and vault maps discovered:
D:1:      sevenhm_arrival_forest_fort_small_3, layout_loops_ring
D:2:      layout_loops_ring, minmay_pentomino_t4
D:3:      layout_loops_cross
D:4:      layout_layer_cave, kiku_gazebo_garden_becter,
          mainiacjoe_overflow_alcove_4, nemelex_diamond_rough_becter,
          lemuel_temple_firewalk_a, minmay_misc_feat_chi, due_unseen_surprise
D:5:      layout_basic, serial_shops, nicolae_shop_waterfront
Temple:   chequers_temple_sunken

Skill      XL: |  1  2  3  4  5  6 |
---------------+-------------------+-----
Conjurations   | 1 |  1.2
Dodging        | 2 |  2.0
Air Magic      | 3 4 |  4.5
Spellcasting   | 3 4 5 |  5.0
Stealth        | |  1.6

Action                     |  1- 3 |  4- 6 || total
---------------------------+-------+-------++-------
  Melee: Unarmed           |    18 |       ||    18
   Cast: Shock             |    93 |   125 ||   218
         Static Discharge  |       |     1 ||     1
   Stab: Sleeping          |     1 |       ||     1
 Armour: Robe              |    11 |     9 ||    20
  Dodge: Dodged            |    32 |    21 ||    53
  Block: Other             |       |     3 ||     3

Table legend: (Time is in decaauts)
 A = Elapsed time spent in this place.
 B = Non-inter-level travel time spent in this place.
 C = Inter-level travel time spent in this place.
 D = Time resting spent in this place.
 E = Time spent auto-exploring this place.
 F = Levels seen in this place.
 G = Mean time per level.
                   A        B        C        D        E       F      G
               +--------+--------+--------+--------+--------+-----+--------+
         Total |   5250 |   5090 |    160 |    457 |   3966 |   6 |  875.0 |
       Dungeon |   5185 |   5051 |    134 |    457 |   3966 |   5 | 1037.0 |
        Temple |     64 |     38 |     26 |      0 |      0 |   1 |   64.0 |
               +--------+--------+--------+--------+--------+-----+--------+

Top non-repeatable levels by time:
     D:1: 1561 daAuts
     D:2: 1440 daAuts
     D:4: 1302 daAuts
     D:3: 811 daAuts
     D:5: 69 daAuts
  Temple: 64 daAuts
